 Dungeon Crawl Stone Soup version 0.21-a0-450-gd87a9b2 (webtiles) character file.

375 slep the Slasher (level 6, 0/56 HPs)
             Began as a Minotaur Monk on Nov 20, 2017.
             Slain by Dowan
             ... wielding a +0 dagger
              (3 damage)
             ... on level 4 of the Dungeon.
             The game lasted 00:13:01 (2331 turns).

slep the Slasher (Minotaur Monk)                    Turns: 2331, Time: 00:13:05

Health: 0/56       AC:  7    Str: 16    XL:     6   Next: 44%
Magic:  14/14      EV: 11    Int:  7    God:
Gold:   172        SH:  0    Dex: 14    Spells: 4/5 levels left

rFire    + . .     SeeInvis .   v - +2 dagger (venom)
rCold    x . .     Gourm    .   (no shield)
rNeg     . . .     Faith    .   q - +0 scale mail
rPois    .         Spirit   .   (helmet restricted)
rElec    .         Reflect  .   (no cloak)
rCorr    .         Harm     .   (no gloves)
MR       .....                  u - +0 pair of boots
Stlth    +.........             (no amulet)
HPRegen  0.18/turn              p - ring of fire
MPRegen  0.14/turn              z - ring of magical power

@: no status effects
A: retaliatory headbutt, horns 2
a: no special abilities


You were on level 4 of the Dungeon.
You were hungry.

You visited 1 branch of the dungeon, and saw 5 of its levels.

You collected 172 gold pieces.

Inventory:

Hand Weapons
 a - a +0 falchion
 v - a +2 dagger of venom (weapon)
 C - a +1 short sword of electrocution
Missiles
 j - 72 sling bullets
Armour
 b - a +0 robe
 q - a +0 scale mail (worn)
 u - a +0 pair of boots (worn)
 w - a +0 pair of gloves
Jewellery
 p - a ring of fire (left hand)
 z - a ring of magical power (right hand)
Scrolls
 d - 2 scrolls of teleportation {unknown}
 h - 2 scrolls of magic mapping {unknown}
 i - a scroll of enchant armour {unknown}
 m - 3 scrolls of identify {unknown}
 r - 2 scrolls of fear {unknown}
 x - a scroll of remove curse {unknown}
Potions
 e - 2 potions of invisibility
 f - a potion of magic {unknown}
 g - 3 potions of heal wounds {unknown}
 k - 2 potions of berserk rage {unknown}
 l - a potion of resistance {unknown}
 o - 2 potions of curing {unknown}
 s - 2 potions of degeneration {unknown}
 A - a potion of flight {unknown}
 B - a potion of mutation {unknown}
Books
 y - a book of Cantrips

   Spells                             Type                      Level
   a - Confusing Touch                Hexes                        1
   b - Animate Skeleton               Necromancy                   1
   c - Summon Small Mammal            Summoning                    1
   d - Apportation                    Translocation                1
Comestibles
 c - 3 bread rations
 n - a royal jelly
 t - 3 fruits


   Skills:
 + Level 5.2 Fighting
 + Level 0.4(3.4) Short Blades
 + Level 6.1 Long Blades
 + Level 3.0 Armour
 + Level 4.3 Dodging
 + Level 2.1 Stealth


You had 4 spell levels left.
You knew the following spells:

 Your Spells              Type           Power        Failure   Level  Hunger
a - Apportation           Tloc           #.....       86%         1    ##.....


Dungeon Overview and Level Annotations

Branches:
Dungeon (5/15)
 Temple: D:4-7

Altars:
Gozag

Annotations:
D:4 Dowan


Innate Abilities, Weirdness & Mutations

You reflexively headbutt those who attack you in melee.
You have a pair of horns on your head.


Message History

Dowan gestures wildly while chanting.
Dowan blinks!
You hit Dowan.
Dowan is lightly wounded.
Dowan closely misses you.
You hit Dowan but do no damage.
Dowan is poisoned.
You headbutt Dowan!
Dowan is heavily wounded.
Dowan hits you with a dagger.
Dowan mumbles some strange words.
Dowan blinks!
You hit Dowan.
Dowan looks as sick as possible!
Dowan is severely wounded.
Dowan hits you but does no damage.
You completely miss Dowan.
Dowan is severely wounded.
Dowan points at you and mumbles some strange words.
The stone arrow hits you!
* * * LOW HITPOINT WARNING * * *
Dowan hits you with a dagger.
You die...

#..........
#..........
#.......... #.........
#....# #.......#
#....# #.......#
#....# #..e....#
#....+ +..@....+
#....# #...ยง...#
######....####)......#
........l.....########
..............#
..............#
..............#
......####....#
.#....# ######


You could see Dowan.

Vanquished Creatures
  Duvessa (D:4)
  2 orc priests (D:3)
  2 orc wizards (D:3)
  An iguana (D:2)
  Terence (D:2)
  3 adders (D:3)
  A worm (D:2)
  A leopard gecko (D:2)
  7 orcs (D:3)
  3 ball pythons
  3 giant cockroaches
  9 goblins
  9 hobgoblins
  3 jackals (D:3)
  3 quokkas (D:3)
  3 bats
  6 frilled lizards
  8 kobolds
  10 rats
76 creatures vanquished.

Notes
Turn   | Place    | Note
-------+----------+-------------------------------------------
     0 | D:1      | slep the Minotaur Monk began the quest for the Orb.
     0 | D:1      | Reached XP level 1. HP: 19/19 MP: 0/0
   360 | D:2      | Reached XP level 2. HP: 27/27 MP: 1/1
   402 | D:2      | Noticed Terence
   458 | D:3      | Reached skill level 4 in Long Blades
   533 | D:3      | Reached XP level 3. HP: 14/33 MP: 2/2
   813 | D:3      | Reached XP level 4. HP: 32/41 MP: 3/3
   819 | D:3      | Reached skill level 5 in Long Blades
   958 | D:3      | Reached XP level 5. HP: 47/47 MP: 4/4
   966 | D:3      | Reached skill level 1 in Armour
  1179 | D:4      | Found an opulent altar of Gozag.
  1244 | D:4      | Noticed Dowan
  1250 | D:5      | Entered Level 5 of the Dungeon
  1294 | D:5      | Noticed a phantom
  1309 | D:4      | Noticed Duvessa
  1635 | D:2      | Killed Terence
  1685 | D:2      | Learned a level 1 spell: Apportation
  1748 | D:2      | Reached skill level 5 in Fighting
  2043 | D:2      | Reached XP level 6. HP: 56/56 MP: 5/5
  2324 | D:4      | Killed Duvessa
  2324 | D:4      | Reached skill level 6 in Long Blades
  2331 | D:4      | Slain by Dowan

Vault maps used:
D:1:      mushboom_english_gardens
D:2:      cheibrodos_greedy_goblins, first_bread, uniq_terence
D:3:      st_stairs_10
D:4:      nicolae_gozag_seed_capital, uniq_duvessa
D:5:      minmay_temple_entry_from_below_a, minmay_statues_item, uniq_sigmund,
          uniq_prince_ribbit1, uniq_crazy_yiuf_cottage, uniq_eustachio

Skill      XL: |  1  2  3  4  5  6 |
---------------+-------------------+-----
Long Blades    | 4 5 6 |  6.1
Fighting       | 4 5 |  5.2
Stealth        | 2 |  2.1
Dodging        | 4 |  4.3
Armour         | 2 3 |  3.0
Short Blades   | |  0.4

Action                   |  1- 3 |  4- 6 || total
-------------------------+-------+-------++-------
Melee: Falchion          |    79 |    56 ||   135
       Headbutt          |     9 |    22 ||    31
       Dagger            |       |    41 ||    41
  Use: Potion            |       |     1 ||     1
 Stab: Sleeping          |     3 |       ||     3
  Eat: Chunk             |       |     4 ||     4
Armor: Robe              |     3 |       ||     3
       Scale mail        |     5 |    27 ||    32
Dodge: Dodged            |    59 |    58 ||   117
       Rpst.: Falchion   |    17 |    10 ||    27

Table legend:
 A = Spawn XP
 B = Non-spawn XP
 C = Spawn XP percentage of total XP
 D = Spawn monster count
 E = Non-spawn monster count
 F = Spawn count percentage of total count
 G = Total turns spent on level
                    A         B        C        D         E        F      G
               +---------+---------+-------+---------+---------+-------+---------
         Total |       0 |     537 |   0.0 |       0 |      76 |   0.0 |  2331
               +---------+---------+-------+---------+---------+-------+---------
           D:1 |       0 |       8 |   0.0 |       0 |       7 |   0.0 |   329
           D:2 |       0 |     118 |   0.0 |       0 |      30 |   0.0 |   747
           D:3 |       0 |     265 |   0.0 |       0 |      37 |   0.0 |  1070
           D:4 |       0 |     146 |   0.0 |       0 |       2 |   0.0 |   130
               +---------+---------+-------+---------+---------+-------+---------
